 Dungeon Crawl Stone Soup version 0.29.0-11-gd7f09526c8 (webtiles) character file.

Game seed: 12943646131066866223

63 night the Ruffian (level 3, -1/36 HPs)
             Began as a Troll Fighter on Sept 5, 2022.
             Was an Initiate of Ru.
             Slain by a goblin
             ... wielding a +0 club
             ... led by Robin
              (2 damage)
             ... on level 2 of the Dungeon.
             The game lasted 00:02:11 (1120 turns).

night the Ruffian (Troll Fighter)                   Turns: 1120, Time: 00:02:11

Health: -1/36      AC:  4    Str: 26    XL:     3   Next: 89%
Magic:  2/2        EV:  8    Int:  4    God:    Ru [......]
Gold:   103        SH:  7    Dex:  9    Spells: 2/2 levels left

rFire   . . .      SeeInvis .     - Unarmed
rCold   . . .      Faith    .   b - +0 kite shield
rNeg    . . .      Spirit   .   a - +0 robe
rPois   .          Reflect  .   (helmet restricted)
rElec   .          Harm     .   (no cloak)
rCorr   .          Rampage  .   (gloves unavailable)
Will    .....                   (boots unavailable)
Stlth   ..........              (no amulet)
HPRegen 0.92/turn               (no ring)
MPRegen 0.08/turn               (no ring)

@: mighty, hasted, very quick
A: large, unfitting armour, claws 3, regeneration 1, shaggy fur 1, tough skin 1,
no stealth
a: Renounce Religion


You were on level 2 of the Dungeon.
You worshipped Ru.
Ru was noncommittal.
You visited 1 branch of the dungeon, and saw 2 of its levels.

You collected 103 gold pieces.

Inventory:

Missiles
 e - 21 stones (quivered)
Armour
 a - a +0 robe (worn)
 b - a +0 kite shield (worn)
Wands
 n - a wand of paralysis (3)
Scrolls
 f - a scroll of magic mapping {unknown}
 h - a scroll of amnesia {unknown}
 i - a scroll of fog {unknown}
 j - a scroll of identify {unknown}
 l - a scroll of silence {unknown}
 o - a scroll of teleportation {unknown}
Potions
 d - 2 potions of curing
 g - a potion of haste
 k - a potion of invisibility {unknown}
 m - 2 potions of heal wounds {unknown}


   Skills:
 - Level 2.4 Fighting
 - Level 2.4 Dodging
 + Level 3.3 Shields
 * Level 3.6 Unarmed Combat


You had 2 spell levels left.
You didn't know any spells.
Your spell library contained the following spells:

 Spells                   Type           Power      Damage    Failure   Level
 Slow                     Hex            0%         N/A       80%         1
 Confusing Touch          Hex            0%         N/A       99%         3
 Vampiric Draining        Necr           0%         2d6       99%         3


Dungeon Overview and Level Annotations

Branches:
Dungeon (2/15)

Altars:
Ru

Shops:
D:1 (

Annotations:
D:2 Robin


Innate Abilities, Weirdness & Mutations

You are too large for most types of armour.
You have claws for hands.
Your natural rate of healing is unusually fast.
You are covered in fur. (AC +1)
You have tough skin. (AC +1)
You cannot be stealthy.


Message History

* * * LOW HITPOINT WARNING * * *
Things that are here:
a +0 dagger; a goblin corpse The goblin attacks as you move away!
You block the goblin's attack. Robin attacks as you move away!
Robin hits you but does no damage.
The goblin no longer looks unusually strong.
The goblin hits you but does no damage. The goblin misses you.
The goblin no longer looks unusually strong.
The goblin hits you but does no damage. Robin throws the goblin at you!
* * * LOW HITPOINT WARNING * * *
The goblin hits you with a +0 club.
* * * LOW HITPOINT WARNING * * *
The goblin no longer looks unusually strong. x2
Robin throws the goblin at you! The goblin closely misses you.
The goblin hits you with a +1 dagger of pain.
* * * LOW HITPOINT WARNING * * *
The goblin attacks as you move away! The goblin hits you but does no damage.
The goblin attacks as you move away! The goblin barely misses you.
The goblin hits you but does no damage. You block the goblin's attack.
The goblin attacks as you move away! The goblin hits you with a +0 dagger.
* * * LOW HITPOINT WARNING * * *
The goblin attacks as you move away! The goblin hits you but does no damage.
The goblin unwields a +0 dagger.
The goblin wields a +0 sling.
The goblin shoots a sling bullet.
The sling bullet barely misses you. Robin throws the goblin at you!
It was a potion of curing.
You feel better.
The goblin no longer looks unusually strong.
You block the goblin's attack. Robin throws the goblin at you!
You block the goblin's attack. The goblin closely misses you.
You feel very mighty all of a sudden. The goblin hits you but does no damage.
You block the goblin's attack. The goblin closely misses you.
A bat comes into view.
It was a potion of haste.
You feel yourself speed up. The goblin hits you with a +0 dagger.
* * * LOW HITPOINT WARNING * * *
The goblin hits you with a +0 club.
* * * LOW HITPOINT WARNING * * *
The goblin hits you with a +0 club.
You die...

.######## #.......#( >.......#
### #.......## ....##.... ..#
#......... ....##.# # #.#
......... .......# #.#
####†.......
.#.#.########.#####.g)........
.#.#.###.........ggggb#'###'##
...#.........#.g8gg#........
...+...#.##..##g@g##..#.....
...###.#.#...#######..#######
.........#...##.[)##..#
.........>...#..8..#..#
......................#
###..#.......#....##..#####
.....#..†....#............# ###
.###.#...#.#...###..).....#####..
.# #.....####### #[..†...........


You could see Robin, 9 goblins and a bat.

Vanquished Creatures
  Natasha (D:2)
  An adder (D:2)
  A ball python (D:2)
  2 endoplasms
  A giant cockroach (D:2)
  6 goblins
  4 hobgoblins
  5 jackals
  A bat (D:2)
  2 frilled lizards
  3 rats (D:1)
27 creatures vanquished.

Vanquished Creatures (others)
  A plant (D:1)
  4 withered plants (D:1)
5 creatures vanquished.

Grand Total: 32 creatures vanquished

Notes
Turn   | Place    | Note
-------+----------+-------------------------------------------
     0 | D:1      | night the Troll Fighter began the quest for the Orb.
     0 | D:1      | Reached XP level 1. HP: 22/22 MP: 0/0
    13 | D:1      | You fall into a shaft and drop 1 floor!
   513 | D:1      | Reached XP level 2. HP: 29/29 MP: 1/1
   543 | D:1      | Found a faded altar of an unknown god.
   575 | D:1      | Prayed at the altar of an unknown god.
   575 | D:1      | Became a worshipper of Ru the Awakened
   581 | D:1      | Gained mutation: You cannot be stealthy. [Ru sacrifice]
   636 | D:1      | Found Lixky's Weapon Emporium.
   979 | D:2      | Noticed Natasha
   985 | D:2      | Killed Natasha
   986 | D:2      | Reached XP level 3. HP: 30/36 MP: 2/2
  1096 | D:2      | Noticed Robin
  1114 | D:2      | HP: 5/36 [goblin/+0 club[Robin] (3)]
  1117 | D:2      | HP: 1/36 [goblin/+0 dagger[Robin] (3)]
  1120 | D:2      | Slain by a goblin

Illustrated notes

Levels and vault maps discovered:
D:1:      dpeg_arrival_simpleton_c, layout_loops_corners, serial_shops,
          nicolae_shop_bloodbath_and_beyond,
          shapermc_ecumenical_altar_flowoftime
D:2:      layout_basic, mrwooster_statue_mirror, due_unseen_surprise,
          uniq_crazy_yiuf_cottage, uniq_robin, uniq_natasha

Skill      XL: |  1  2 |
---------------+-------+-----
Shields        | 3 |  3.3
Unarmed Combat | 3 |  3.6
Fighting       | |  2.4
Dodging        | |  2.4

Action                   || total
-------------------------++-------
Melee: Unarmed           ||    96
Invok: Sacrifice Stealth ||     1
  Use: Potion            ||     3
Armor: Robe              ||    55
Dodge: Dodged            ||    39
Block: Kite shield       ||    43
